 Dungeon Crawl Stone Soup version 0.21-a0-71-g5e5ddd2 (webtiles) character file.

126 xgamer67 the Magician (level 4, -3/33 HPs)
             Began as a Draconian Air Elementalist on June 20, 2017.
             Killed from afar by Natasha (5 damage)
             ... with a wand of flame (?/48)
             ... on level 1 of the Dungeon.
             The game lasted 00:12:53 (2150 turns).

xgamer67 the Magician (Draconian Air Elementalist)  Turns: 2150, Time: 00:12:54

Health: -3/33      AC:  6    Str: 10    XL:     4   Next: 84%
Magic:  4/8        EV: 12    Int: 17    God:
Gold:   137        SH:  0    Dex: 11    Spells: 3/9 levels left

rFire    . . .     SeeInvis .   a - +0 dagger
rCold    . . .     Gourm    .   (no shield)
rNeg     . . .     Faith    .   (armour unavailable)
rPois    .         Spirit   .   f - +1 hat
rElec    .         Reflect  .   (no cloak)
rCorr    .         Harm     .   (no gloves)
MR       +....                  (no boots)
Stlth    ++........             (no amulet)
HPRegen  0.11/turn              e - ring of protection from magic
MPRegen  0.11/turn              (no ring)

@: no status effects
A: unfitting armour, cold-blooded, AC +5
a: no special abilities


You were on level 1 of the Dungeon.
You were not hungry.

You visited 1 branch of the dungeon, and saw 3 of its levels.

You collected 137 gold pieces.

Inventory:

Hand Weapons
 a - a +0 dagger (weapon)
Armour
 f - a +1 hat (worn)
Jewellery
 e - a ring of protection from magic (left hand)
Scrolls
 c - a scroll of amnesia {unknown}
 h - a scroll of identify {unknown}
 i - 2 scrolls of recharging {unknown}
 l - a scroll of fog {unknown}
Potions
 d - a potion of heal wounds {unknown}
 j - a potion of mutation {unknown}
Books
 g - a book of Air

   Spells                             Type                      Level
   a - Shock                          Conjuration/Air              1
   b - Swiftness                      Charms/Air                   2
   c - Static Discharge               Conjuration/Air              3
   d - Airstrike                      Air                          4
   e - Lightning Bolt                 Conjuration/Air              5
Comestibles
 b - 2 bread rations
 k - 4 chunks of flesh


   Skills:
 + Level 2.2 Dodging
 + Level 2.1 Stealth
 - Level 3.1 Spellcasting
 - Level 3.0 Conjurations
 - Level 1.0 Charms
 - Level 3.0 Air Magic


You had 3 spell levels left.
You knew the following spells:

 Your Spells              Type           Power        Failure   Level  Hunger
a - Shock                 Conj/Air       ##..         4%          1    None
b - Static Discharge      Conj/Air       ##......     16%         3    ###....
A - Swiftness             Chrm/Air       #.......     12%         2    ##.....


Dungeon Overview and Level Annotations

Branches:
Dungeon (3/15)

Altars:
Hepliaklqana
Wu Jian

Annotations:
D:1 Natasha
D:2 exclusion: downstairs


Innate Abilities, Weirdness & Mutations

Your plain brown scales are hard. (AC +5)
You cannot fit into any form of body armour.
You are cold-blooded and may be slowed by cold attacks.


Message History

You hit Natasha but do no damage.
You tail-slap Natasha, but do no damage.
Natasha is lightly wounded.
Natasha barely misses you.
Natasha mewls in sadness.
Natasha zaps a wand.
The puff of flame hits you!
Natasha zaps a wand.
The puff of flame hits you!
Natasha zaps a wand.
The puff of flame hits you!
* * * LOW HITPOINT WARNING * * *
Okay, then.
Natasha mewls in sadness.
Natasha mumbles some strange words.
You feel disoriented.
There is a stone staircase leading up here.
Natasha casts a spell.
You climb upwards.
The white imp disappears in a puff of smoke!
There is a stone staircase leading down here.
Natasha zaps a wand.
The puff of flame hits you!
You die...

##..................+....##......
#..........#.......#............
#......#...#..##...#............
#.####.#...#..##...#......##...#
#.#....#...................+....
#.#.#......#..........#+#.##...#
#.#.##.#..#......#........##...#
#.#....#.......h>+.............+
##.####........#@##.............#
#...................##..).......#
#######...[..#.#.#..####'#.......
#..................#.......
#.................##.......
#..........>......##.......
##...#.....#......##.......
#...#.#...#.)....##......#
#...#.#...#......##......+


You could see Natasha.

Vanquished Creatures
  Natasha (D:2)
  A gnoll (D:1)
  2 adders (D:2)
  An ooze (D:2)
  3 worms (D:2)
  A dart slug (D:1)
  2 leopard geckos
  4 orcs
  4 bats
  7 goblins
  7 hobgoblins
  3 jackals (D:2)
  A quokka (D:2)
  A ball python (D:2)
  5 frilled lizards
  4 kobolds
  8 rats
55 creatures vanquished.

Notes
Turn   | Place    | Note
-------+----------+-------------------------------------------
     0 | D:1      | xgamer67 the Draconian Air Elementalist began the quest for the Orb.
     0 | D:1      | Reached XP level 1. HP: 14/14 MP: 3/3
   336 | D:1      | Reached XP level 2. HP: 14/20 MP: 5/5
   342 | D:1      | Learned a level 2 spell: Swiftness
   384 | D:1      | You fall through a shaft!
   592 | D:2      | Reached XP level 3. HP: 26/26 MP: 3/6
   597 | D:2      | Learned a level 3 spell: Static Discharge
   801 | D:2      | Found an ornate altar of the Wu Jian Council.
   941 | D:2      | Found a hazy altar of Hepliaklqana.
  1133 | D:2      | Noticed Natasha
  1142 | D:2      | Killed Natasha
  1142 | D:2      | Reached skill level 1 in Charms
  1142 | D:2      | Reached XP level 4. HP: 19/33 MP: 0/8
  2122 | D:2      | Noticed Natasha
  2139 | D:2      | HP: 1/33 [Natasha/wand of flame (?/48) (9)]
  2150 | D:1      | Killed from afar by Natasha

Vault maps used:
D:1:      dpeg_chamrin_arrival_tetris, minmay_misc_feat_five, amethyst_killhole
D:2:      old_standard_altar, marbit_many_paths, guppyfry_early_orc_mine,
          uniq_natasha

Skill      XL: |  1  2  3  4 |
---------------+-------------+-----
Conjurations   | 2 3 |  3.0
Spellcasting   | 3 |  3.1
Charms         | 1 |  1.0
Dodging        | 2 |  2.2
Stealth        | 2 |  2.1
Air Magic      | |  3.0

Action                   |  1- 3 |  4- 6 || total
-------------------------+-------+-------++-------
Melee: Unarmed           |    24 |       ||    24
       Dagger            |    73 |    55 ||   128
       Tailslap          |     4 |     9 ||    13
 Cast: Shock             |    40 |    22 ||    62
 Stab: Sleeping          |       |     1 ||     1
  Eat: Chunk             |     1 |     3 ||     4
Armor: Skin              |    47 |    15 ||    62
Dodge: Dodged            |    86 |    46 ||   132
